 Dungeon Crawl Stone Soup version 0.16-a0-956-g65bd446 (webtiles) character file.

175 MackTheKnife the Skirmisher (level 5, -7/29 HPs)
             Began as a Vine Stalker Skald on Oct 1, 2014.
             Mangled by Grinder (8 damage)
             ... while paralysed by Grinder
             ... on Level 4 of the Dungeon.
             The game lasted 00:06:05 (2762 turns).

MackTheKnife the Skirmisher (Vine Stalker Skald)    Turns: 2762, Time: 00:06:06

HP  -7/29        AC  3     Str 15      XL: 5   Next: 55%
MP   0/11        EV  2     Int 13      God:
Gold 181         SH  0     Dex 13      Spells:  1 memorised,  7 levels left

rFire  . . .     SeeInvis .     a - +2 short sword (drain)
rCold  . . .     Clarity  .     h - +0 leather armour
rNeg   . . .     rCorr    .     (no shield)
rPois  .         rRot     +     (no helmet)
rElec  .         Spirit   +     (no cloak)
SustAb +         Warding  .     (no gloves)
rMut   .         Stasis   .     (no boots)
Gourm  .                        w - amulet of faith {!P}
MR     .....                    (no ring)
                                r - ring of sustain abilities

@: paralysed, very slightly contaminated, hasted, not resistant to hostile
enchantments, very unstealthy
A: fangs 2, regeneration 1, magic shield, antimagic bite, no device heal 3, rot
immunity
a: no special abilities


You were on level 4 of the Dungeon.
You were not hungry.

You visited 1 branch of the dungeon, and saw 5 of its levels.

You collected 181 gold pieces.


Innate Abilities, Weirdness & Mutations

You have extremely sharp teeth.
Your natural rate of healing is unusually fast.
When hurt, damage is shared between your health and your magic reserves.
Your bite disrupts and absorbs the magic of your enemies.
Potions and wands cannot restore your health.
You are immune to rotting.


   Skills:
 + Level 3.9 Fighting
 + Level 3.6 Short Blades
 - Level 0.7 Armour
 - Level 0.7 Dodging
 - Level 2.1 Spellcasting
 - Level 3.0 Charms


You had 7 spell levels left.
You knew the following spells:

 Your Spells              Type           Power        Failure   Level  Hunger
z - Infusion              Chrm           #.....       10%         1    ##.....

Inventory:

Hand weapons
 a - a +2 short sword of draining (weapon)
 b - a +0 blowgun
Missiles
 x - 9 poisoned needles
Armour
 h - a +0 leather armour (worn)
 t - a +0 cloak
Comestibles
 d - 3 bread rations
Scrolls
 e - a scroll of recharging
 f - 2 scrolls of immolation {!r}
 g - 3 scrolls of identify
 l - 3 scrolls of remove curse
Jewellery
 r - a ring of sustain abilities (left hand)
 w - an amulet of faith (around neck) {!P}
Potions
 i - 2 potions of haste
 p - a potion of curing {unknown}
 q - a potion of cure mutation {unknown}
 s - a potion of might {unknown}
 u - a potion of poison {unknown}
 v - 2 potions of berserk rage {unknown}
Books
 c - a book of Battle

   Spells                             Type                      Level
   *Infusion                          Charms                       1
   Shroud of Golubria                 Charms/Translocation         2
   Song of Slaying                    Charms                       2
   Spectral Weapon                    Hexes/Charms                 3
   Regeneration                       Charms/Necromancy            3

▒▒▒▒▒▒▒ ▒·····▒
▒▒▒▒▒▒▒▒▒·····▒▒▒▒▒▒▒▒▒
▒··<···▒▒·······5·(··(·
▒······▒▒▒▒▒·▒▒▒·▒·▒▒▒▒▒
▒······▒▒▒▒▒>·(·········
▒▒▒▒···········s······▒·▒·▒
··········▒▒▒··f5·······▒·▒·
▒▒▒▒·▒·▒·▒▒▒▒·▒·······▒·▒·▒·▒+▒▒
▒·▒·▒···▒▒·▒···········▒····▒
▒···▒···▒▒·▒·····▒▒▒·▒·▒····▒
·▒▒▒▒▒▒▒▒···▒▒
▒·····▒▒▒·▒▒▒····▒ ············+
▒····'%·······▒··▒ ▒▒▒▒▒▒▒▒····▒
▒▒····▒▒▒···▒▒▒▒··▒ ▒·▒▒▒▒
▒·····+ ▒···▒ ▒<▒
▒▒'▒▒▒▒▒▒·····▒ ▒·····▒ ▒▒▒


You could see Grinder and a giant mite.


Message History

The giant frog zombie hits you.
* * * LOW HITPOINT WARNING * * *
An adder comes into view.
Found a scroll labeled AFATIR USOG.
Found a ring mail.
Found a stone staircase leading down.
Drink which item? (? for menu, Esc to quit)
You feel yourself speed up.
It was a potion of haste.
The giant frog zombie hits you.
* * * LOW HITPOINT WARNING * * *
The giant frog zombie hits you.
* * * LOW HITPOINT WARNING * * *
You are very lightly contaminated with residual magic.
There is an escape hatch in the ceiling here.
A mysterious force pulls you upwards. The hatch slams shut behind you.
Level annotation: Dowan, Duvessa, Grinder The giant mite closely misses you.
Drink which item? (? for menu, Esc to quit)
Okay, then.
The giant mite closely misses you. Grinder gestures at you.
You suddenly lose the ability to move!
The giant mite bites you.
* * * LOW HITPOINT WARNING * * *
The giant mite bites you.
* * * LOW HITPOINT WARNING * * *
The giant mite bites you but does no damage.
The giant mite bites you.
* * * LOW HITPOINT WARNING * * *
Grinder hits you!
You die...

Action                   |  1- 3 |  4- 6 || total
-------------------------+-------+-------++-------
Melee: Short sword       |   103 |   115 ||   218
 Fire: Blowgun           |       |     4 ||     4
  Use: Scroll            |       |     9 ||     9
       Potion            |       |     1 ||     1
 Stab: Sleeping          |       |     2 ||     2
  Eat: Chunk             |     1 |     3 ||     4
       Royal jelly       |       |     1 ||     1

Vault maps used:
D:1:      minmay_arrival_split_and_join
D:2:      led_sif_pool, kennysheep_big_empty_room, grunt_qazlal_sundering,
          uniq_crazy_yiuf_cottage
D:3:      minmay_tree_intersection, minmay_misc_feat_enclosed
D:4:      old_forge, okawaru_gym_becter, first_bread, uniq_duvessa, uniq_grinder
D:5:      minmay_temple_entry_hall, uniq_prince_ribbit1

Notes
Turn   | Place    | Note
--------------------------------------------------------------
     0 | D:1      | MackTheKnife, the Vine Stalker Skald, began the quest for the Orb.
     0 | D:1      | Reached XP level 1. HP: 11/11 MP: 3/3
   150 | D:1      | Reached skill level 2 in Fighting
   245 | D:1      | Reached skill level 2 in Short Blades
   245 | D:1      | Reached XP level 2. HP: 13/15 MP: 5/5
   571 | D:1      | Reached XP level 3. HP: 17/19 MP: 4/7
  1124 | D:2      | Found a deep blue altar of Sif Muna.
  1295 | D:2      | Reached skill level 3 in Fighting
  1295 | D:2      | Reached XP level 4. HP: 22/24 MP: 8/8
  1493 | D:2      | Reached skill level 3 in Short Blades
  1558 | D:2      | Found a stormy altar of Qazlal.
  1675 | D:2      | Noticed Crazy Yiuf
  1681 | D:2      | Killed Crazy Yiuf
  1681 | D:2      | Reached XP level 5. HP: 15/28 MP: 5/11
  2617 | D:4      | Found an iron altar of Okawaru.
  2617 | D:4      | Noticed Dowan
  2617 | D:4      | Noticed an ogre
  2618 | D:4      | Noticed Duvessa
  2722 | D:4      | Noticed Grinder
  2729 | D:4      | Paralysed by Grinder for 3 turns
  2734 | D:5      | Entered Level 5 of the Dungeon
  2757 | D:4      | Paralysed by Grinder for 6 turns
  2759 | D:4      | HP: 2/29 [giant mite (2)]
  2762 | D:4      | Mangled by Grinder

Vanquished Creatures
  Crazy Yiuf (D:2)
  A worker ant (D:3)
  2 adders
  4 worms
  A giant gecko (D:3)
  2 giant cockroaches (D:1)
  8 hobgoblins (D:1)
  13 jackals
  4 quokkas
  A ball python (D:2)
  9 bats
  4 giant newts
  8 goblins
  14 kobolds
  7 rats
79 creatures vanquished.
